 Dungeon Crawl Stone Soup version 0.24-b1 (webtiles) character file.

Game seed: 8179244024718392592, levelgen mode: deterministic

8 CryoSword the Skirmisher (level 2, 24/24 HPs)
             Began as a Demonspawn Fighter on Oct 12, 2019.
             Quit the game on level 1 of the Dungeon.
             The game lasted 00:00:53 (473 turns).

CryoSword the Skirmisher (Demonspawn Fighter)        Turns: 473, Time: 00:00:54

Health: 24/24      AC:  6    Str: 16    XL:     2   Next: 0%
Magic:  2/2        EV:  9    Int:  9    God:
Gold:   63         SH:  0    Dex: 12    Spells: 1/1 levels left

rFire    . . .     SeeInvis .   a - +0 long sword
rCold    . . .     Gourm    .   (no shield)
rNeg     . . .     Faith    .   b - +0 scale mail
rPois    .         Spirit   .   (no helmet)
rElec    .         Reflect  .   (no cloak)
rCorr    .         Harm     .   (no gloves)
MR       .....                  (no boots)
Stlth    ..........             (no amulet)
HPRegen  0.08/turn              (no ring)
MPRegen  0.08/turn              (no ring)

@: no status effects
A: claws 1
a: no special abilities


You were on level 1 of the Dungeon.
You were not hungry.

You visited 1 branch of the dungeon, and saw 1 of its levels.

You collected 63 gold pieces.

Inventory:

Hand Weapons
 a - a +0 long sword (weapon)
Missiles
 h - 28 stones (quivered)
Armour
 b - a +0 scale mail (worn)
 c - a +0 shield
Scrolls
 e - 2 scrolls of amnesia {unknown}
 i - a scroll of identify {unknown}
Potions
 d - a potion of might
 g - a potion of curing {unknown}
Comestibles
 f - a ration {!d}


   Skills:
 + Level 3.1 Fighting
 * Level 2.1 Long Blades
 - Level 2.6 Armour
 + Level 2.8 Shields


You had one spell level left.
You didn't know any spells.
Your spell library was empty.

Dungeon Overview and Level Annotations

Branches:
Dungeon (1/15)

Altars:


Innate Abilities, Weirdness & Mutations

You have sharp fingernails.


Message History

The kobold is moderately wounded.
The bat misses you.
You riposte.
You slash the bat!
You kill the bat!
The kobold hits you but does no damage.
You slash the kobold!
You kill the kobold!
No target in view!
HP restored.
Things that are here:
a +0 club; a kobold corpse You butcher the frilled lizard corpse.
g - a chunk of flesh You see here a frilled lizard skeleton. x2
You now have 18 gold pieces.
You now have 36 gold pieces (gained 18).
You now have 46 gold pieces (gained 10).
You now have 63 gold pieces (gained 17).
e - a scroll labeled LEUNINNIODA A frilled lizard comes into view.
The frilled lizard hisses angrily.
You closely miss the frilled lizard.
The frilled lizard bites you but does no damage.
You miss the frilled lizard. The frilled lizard closely misses you.
You riposte.
You closely miss the frilled lizard. You miss the frilled lizard.
The frilled lizard bites you.
You hit the frilled lizard.
You kill the frilled lizard!
Your Long Blades skill increases to level 2!
No target in view!
No target in view!
You see here a frilled lizard skeleton.
A kobold comes into view. It is wielding a +0 club.
The kobold shouts!
You hear a shout!
The kobold throws a stone.
The stone barely misses you.
A kobold is nearby!
A kobold is nearby!
A kobold is nearby!
A goblin comes into view. It is wielding a +0 club.
The goblin shouts!
The kobold throws a stone.
The stone barely misses you. The kobold hits you with a +0 club.
Found 24 stones.
You closely miss the kobold. The kobold hits you but does no damage.
You closely miss the goblin. The goblin barely misses you.
The kobold hits you but does no damage.
You miss the goblin. The goblin hits you but does no damage.
The kobold barely misses you.
You riposte.
You barely miss the kobold. You closely miss the goblin.
The goblin hits you with a +0 club. The kobold hits you but does no damage.
You are too injured to fight recklessly!
You are too injured to fight recklessly!
You are too injured to fight recklessly!
You are too injured to fight recklessly!
You are too injured to fight recklessly!
You hit the goblin.
You kill the goblin!
The kobold hits you with a +0 club.
* * * LOW HITPOINT WARNING * * *
The kobold barely misses you.
You riposte.
You slash the kobold!
You kill the kobold!
You see here a +0 club.
Things that are here:
a +0 club; 2 stones There isn't anything to butcher here.
h - 2 stones All of the chunks of flesh in your inventory have rotted away.
h - 26 stones (gained 24)
e - 2 scrolls labeled LEUNINNIODA (gained 1)
A goblin comes into view. It is wielding a +0 dagger.
The goblin shouts!
The goblin moves out of view.
The goblin is too close now for your liking.
A goblin is nearby!
A goblin is nearby!
The goblin barely misses you.
You miss the goblin. The goblin closely misses you.
You riposte.
You closely miss the goblin. The goblin hits you with a +0 dagger.
You slash the goblin!
You kill the goblin!
No target in view!
No target in view!
h - 27 stones (gained 1)
h - 28 stones (gained 1) As you open the door, it creaks loudly!
A rat comes into view.
Found a glowing inky potion and a scroll labeled ZOAVAHIRID.
There is an open door here.
You hit the rat.
You kill the rat!
You have reached level 2!
Your demonic ancestry asserts itself...
Your fingernails lengthen.
g - a glowing inky potion
i - a scroll labeled ZOAVAHIRID A kobold comes into view.
A kobold is nearby!
A kobold is nearby!
Quiver which item? (- for none, * to show all) (? for menu, Esc to quit)
Okay, then.
Are you sure you want to abandon this character and quit the game? (Confirm with "yes".)

###########################
#.................##.....##
#.............#...#....#...
#...###....8...##....##...# #..##
##.............#....) #..##
##...............#...
#...###...##'#....##..#..#.
###......))##.###.........##.
#).....8...#@## #.....##...).
#....#........##.K##....#..#...#
#....##...###...####...#...##..#.
#.... #..## ##........#...#......
#... #..## ##.......#.......##.#
#... #...###....8...#.#.#...#...
#.. #.............#....#....#..
#.. #.....................#....
###########################


You could see a kobold (wandering).

Vanquished Creatures
  2 goblins (D:1)
  2 kobolds (D:1)
  2 bats (D:1)
  2 frilled lizards (D:1)
  A rat (D:1)
9 creatures vanquished.

Notes
Turn   | Place    | Note
-------+----------+-------------------------------------------
     0 | D:1      | CryoSword the Demonspawn Fighter began the quest for the
                  | Orb.
     0 | D:1      | Reached XP level 1. HP: 18/18 MP: 1/1
   468 | D:1      | Gained mutation: You have sharp fingernails. [demonic
                  | ancestry]
   468 | D:1      | Reached XP level 2. HP: 24/24 MP: 2/2
   473 | D:1      | Quit the game

Skill      XL: |  1 |
---------------+----+-----
Long Blades    | 2 |  2.1
Fighting       | |  3.1
Armour         | |  2.6
Shields        | |  2.8

Action                   || total
-------------------------++-------
Melee: Long sword        ||    28
Armor: Scale mail        ||    18
Dodge: Dodged            ||    17
       Rpst.: Long sword ||     8
